 Dungeon Crawl Stone Soup version 0.27-a0-1189-gb8eb6cee8e (webtiles) character file.

Game seed: 5472007288237746214

105 polve the Cutter (level 4, -2/33 HPs)
             Began as a Demonspawn Gladiator on May 22, 2021.
             Slain by a gnoll
             ... wielding a +0 spear
              (6 damage)
             ... on level 3 of the Dungeon.
             The game lasted 00:01:37 (2153 turns).

polve the Cutter (Demonspawn Gladiator)             Turns: 2153, Time: 00:01:37

Health: -2/33      AC:  3    Str: 15    XL:     4   Next: 54%
Magic:  4/4        EV: 27    Int: 10    God:
Gold:   89         SH:  0    Dex: 14    Spells: 3/3 levels left

rFire    . . .     SeeInvis .   a - +0 rapier
rCold    . . .     Faith    .   (no shield)
rNeg     . . .     Spirit   .   b - +0 leather armour
rPois    .         Reflect  .   (helmet restricted)
rElec    .         Harm     .   (no cloak)
rCorr    .         Rampage  .   (no gloves)
Will     .....                  (no boots)
Stlth    +.........             k - amulet of the acrobat
HPRegen  0.11/turn              (no ring)
MPRegen  0.09/turn              (no ring)

@: acrobatic
A: antennae 1, foul stench 1, powered by death 1
a: no special abilities


You were on level 3 of the Dungeon.
You visited 1 branch of the dungeon, and saw 3 of its levels.

You collected 89 gold pieces.

Inventory:

Hand Weapons
 a - a +0 rapier (weapon)
Missiles
 d - 3 throwing nets (quivered)
Armour
 b - a +0 leather armour (worn)
 c - a +0 helmet
Jewellery
 k - an amulet of the acrobat (around neck)
Wands
 f - a wand of iceblast (8)
Scrolls
 e - a scroll of immolation {unknown}
 h - a scroll of amnesia {unknown}
 m - a scroll of fog {unknown}
 n - a scroll of brand weapon {unknown}
Potions
 g - a potion of heal wounds {unknown}
 i - a potion of lignification {unknown}
 j - 2 potions of cancellation {unknown}
 l - a potion of resistance {unknown}


   Skills:
 - Level 2.0 Fighting
 - Level 4.0 Short Blades
 - Level 1.7 Throwing
 + Level 2.5 Armour
 - Level 2.6 Dodging


You had 3 spell levels left.
You didn't know any spells.
Your spell library was empty.

Dungeon Overview and Level Annotations

Branches:
Dungeon (3/15)

Altars:


Innate Abilities, Weirdness & Mutations

You have a pair of small antennae on your head.
You may rarely emit foul miasma when damaged in melee.
You regenerate a little health from kills.


Message History

There is a stone staircase leading down here.
You climb downwards.
There is a stone staircase leading up, spattered with blood here.
A dart slug is nearby!
A dart slug is nearby!
A dart slug is nearby!
Found a stone staircase leading up.
The dart slug launches a dart at you. The slug dart misses you.
A gnoll comes into view. It is wielding a +0 spear.
The gnoll shouts!
The dart slug misses you.
You hit the dart slug but do no damage.
The dart slug bites you but does no damage.
You hit the dart slug.
The dart slug is moderately wounded.
You hit the dart slug.
The dart slug is severely wounded.
The dart slug misses you.
A gnoll comes into view. It is wielding a +0 halberd.
You puncture the dart slug!
You kill the dart slug!
The gnoll hits you from afar with a +0 spear.
You puncture the gnoll!
The gnoll is severely wounded.
The gnoll hits you from afar with a +0 halberd!
The gnoll hits you with a +0 spear.
You are too injured to fight recklessly!
You are too injured to fight recklessly!
You are too injured to fight recklessly!
There are monsters nearby!
There are monsters nearby!
There are monsters nearby!
You hit the gnoll but do no damage.
The gnoll is severely wounded.
The gnoll hits you from afar with a +0 halberd.
The gnoll hits you with a +0 spear!
* * * LOW HITPOINT WARNING * * *
The gnoll hits you from afar with a +0 spear.
You die...

#.##.# #.
#.##.# #.
#.##.#
#..##.##.#
#..#...#.#
#........#
#.......#####
##..†.@...<..#
#........###.#
#....gg### #
...........
.##....<.#.#
#......#.#
###.##.# # #.
..# #. .#


You could see 2 gnolls.

Vanquished Creatures
  An orc wizard (D:2)
  A gnoll (D:2)
  An adder skeleton (D:2)
  A worm (D:2)
  3 dart slugs
  3 orcs (D:2)
  3 ball pythons
  6 bats
  4 endoplasms
  6 goblins
  A hobgoblin (D:1)
  7 jackals
  A quokka (D:1)
  3 frilled lizards
  4 kobolds
  9 rats
54 creatures vanquished.

Notes
Turn   | Place    | Note
-------+----------+-------------------------------------------
     0 | D:1      | polve the Demonspawn Gladiator began the quest for the Orb.
     0 | D:1      | Reached XP level 1. HP: 16/16 MP: 1/1
    35 | D:1      | Reached skill level 3 in Short Blades
   402 | D:1      | Gained mutation: You regenerate a little health from kills.
                  | [demonic ancestry]
   402 | D:1      | Reached XP level 2. HP: 22/22 MP: 2/2
   415 | D:1      | Found a faded altar of an unknown god.
   968 | D:1      | Gained mutation: You may rarely emit foul miasma when
                  | damaged in melee. [demonic ancestry]
   968 | D:1      | Reached XP level 3. HP: 27/27 MP: 3/3
  1116 | D:2      | Reached skill level 4 in Short Blades
  1417 | D:2      | Reached skill level 1 in Armour
  1676 | D:2      | Gained mutation: You have a pair of small antennae on your
                  | head. [demonic ancestry]
  1676 | D:2      | Reached XP level 4. HP: 20/33 MP: 4/4
  2153 | D:3      | Slain by a gnoll

Illustrated notes

Levels and vault maps discovered:
D:1:      dpeg_arrival_subterranean_lakeside_camping, layout_basic,
          hellmonk_ecumenical_altar_crossroads, kennysheep_small_spiral
D:2:      layout_loops_cross
D:3:      layout_loops_ring, serial_shops, shop

Skill      XL: |  1  2  3  4 |
---------------+-------------+-----
Short Blades   | 3 4 |  4.0
Armour         | 1 2 |  2.5
Fighting       | |  2.0
Throwing       | |  1.7
Dodging        | |  2.6

Action                   |  1- 3 |  4- 6 || total
-------------------------+-------+-------++-------
Melee: Rapier            |   129 |    18 ||   147
Armor: Leather armour    |    38 |     2 ||    40
Dodge: Dodged            |   107 |     7 ||   114

Table legend: (Time is in decaauts)
 A = Elapsed time spent in this place.
 B = Non-inter-level travel time spent in this place.
 C = Inter-level travel time spent in this place.
 D = Time resting spent in this place.
 E = Time spent auto-exploring this place.
 F = Levels seen in this place.
 G = Mean time per level.
                   A        B        C        D        E       F      G
               +--------+--------+--------+--------+--------+-----+--------+
         Total |   2160 |   2118 |     42 |      0 |   1790 |   3 |  720.0 |
       Dungeon |   2160 |   2118 |     42 |      0 |   1790 |   3 |  720.0 |
               +--------+--------+--------+--------+--------+-----+--------+

Top non-repeatable levels by time:
     D:1: 1080 daAuts
     D:2: 1062 daAuts
     D:3: 17 daAuts
